 Dungeon Crawl Stone Soup version 0.29-a0-330-g52719c12eb (webtiles) character file.

Game seed: 4573120831192790658

261490 Iscandelvey the Devastator (level 19, 115/115 HPs)
             Began as a Demonspawn Arcane Marksman on Apr 26, 2022.
             Was the Champion of Vehumet.
             Quit the game on level 3 of the Elven Halls on June 20, 2022.
             The game lasted 08:37:24 (58001 turns).

Iscandelvey the Devastator (DsAM)                  Turns: 58001, Time: 08:37:25

Health: 115/115    AC: 23    Str: 14    XL:     19   Next: 58%
Magic:  52/52      EV: 13    Int: 20    God:    Vehumet [******]
Gold:   1467       SH: 10    Dex: 13    Spells: 3/40 levels left

rFire   . . .      SeeInvis +   h - +12 dagger of Duty {vorpal, SInv}
rCold   . . .      Faith    .   y - +0 kite shield
rNeg    . . .      Spirit   +   V - +1 troll leather armour {Snorg}
rPois   .          Reflect  .   C - +1 helmet of Gasuss {rElec}
rElec   +          Harm     .   d - +2 cloak {Will+}
rCorr   .          Rampage  .   (gloves unavailable)
Will    ++++.                   z - +2 pair of boots {Fly}
Stlth   ++++......              v - amulet "Naicis" {Spirit Will++ Regen+ MP+9 Slay-3}
HPRegen 1.89/turn               U - ring of magical power
MPRegen 0.33/turn               W - +4 ring of protection

@: flying, studying 2 skills
A: claws 3, thin metallic scales 3, powered by death 2, demonic magic 2,
bedeviling
}: 1/15 runes: barnacled
a: Renounce Religion


You were on level 3 of the Elven Halls.
You worshipped Vehumet.
Vehumet was exalted by your worship.
You visited 7 branches of the dungeon, and saw 31 of its levels.
You visited 1 bazaar.
You also visited: Ice Cave.

You collected 3530 gold pieces.
You spent 2063 gold pieces at shops.

Inventory:

Hand Weapons
 h - the +12 dagger of Duty (weapon) {vorpal, SInv}
   (You bought it in a shop on level 2 of the Orcish Mines)

   It inflicts extra damage upon your enemies.
   SInv:      It lets you see invisible.
 R - a +3 vampiric trident
Missiles
 l - 6 datura-tipped darts
 F - 55 poisoned darts (quivered)
 H - 20 javelins
 I - 6 silver javelins
 J - 5 throwing nets
 Q - 3 boomerangs of dispersal
Armour
 d - a +2 cloak of willpower (worn)
 q - the +1 robe "Iniru" {+Inv Fly rF- Str+8}
   (You found it on level 3 of the Shoals)

   Str:       It affects your strength (+8).
   rF:        It makes you vulnerable to fire.
   +Inv:      It lets you turn invisible.
   Fly:       It grants you flight.
 y - a +0 kite shield (worn)
 z - a +2 pair of boots of flying (worn)
 C - the +1 helmet of Gasuss (worn) {rElec}
   (You bought it in a shop on level 1 of the Orcish Mines)

   rElec:     It insulates you from electricity.
 T - the +11 tower shield "Awyan" {Fly Dex+3}
   (You found it on level 3 of the Elven Halls)

   Dex:       It affects your dexterity (+3).
   Fly:       It grants you flight.
 V - a +1 troll leather armour (worn) {Snorg}
Jewellery
 m - a ring of protection from cold
 r - a +4 ring of slaying
 v - the amulet "Naicis" (around neck) {Spirit Will++ Regen+ MP+9 Slay-3}
   (You took it off a deep elf sorcerer on level 3 of the Elven Halls)

   [amulet of guardian spirit]

   It causes incoming damage to be divided between your reserves of health and
   magic.
   Slay:      It affects your accuracy & damage with ranged weapons and melee
   (-3).
   MP:        It affects your magic capacity (+9).
   Regen:     It increases your rate of health regeneration.
   Will:      It greatly increases your willpower.
 x - an amulet of reflection
 A - a ring of resist corrosion
 U - a ring of magical power (left claw)
 W - a +4 ring of protection (right claw)
 X - an amulet of regeneration
Wands
 a - a wand of polymorph (17)
 b - a wand of acid (12)
 c - a wand of paralysis (21)
 f - a wand of charming (5)
 L - a wand of iceblast (10)
 N - a wand of mindburst (10)
 Y - a wand of digging (36)
Scrolls
 e - 7 scrolls of fear
 i - 2 scrolls of silence
 n - 4 scrolls of summoning
 p - 9 scrolls of teleportation
 s - a scroll of torment
 u - 3 scrolls of enchant armour
 w - a scroll of enchant weapon
 K - 3 scrolls of amnesia
 P - 2 scrolls of magic mapping
 S - 6 scrolls of fog
Potions
 g - 12 potions of curing
 j - 4 potions of heal wounds
 k - 2 potions of invisibility
 o - 4 potions of brilliance
 B - 2 potions of lignification
 D - 4 potions of cancellation
 E - 3 potions of resistance
 G - a potion of ambrosia
 M - 7 potions of haste
 Z - 4 potions of magic
Miscellaneous
 t - a condenser vane
 O - a piece from Xom's chessboard (15/15)


   Skills:
 - Level 1.2 Fighting
 - Level 0.3 Short Blades
 - Level 1.9(2.3) Slings
 - Level 1.7(2.2) Throwing
 - Level 7.9 Armour
 - Level 8.6 Dodging
 - Level 8.3 Stealth
 - Level 7.6 Shields
 - Level 11.1 Spellcasting
 - Level 18.0 Conjurations
 - Level 8.9 Hexes
 * Level 15.7 Fire Magic
 - Level 3.0 Ice Magic
 - Level 5.0 Air Magic
 - Level 5.0 Earth Magic
 - Level 5.0 Poison Magic
 - Level 7.2 Evocations


You had 3 spell levels left.
You knew the following spells:

 Your Spells              Type           Power      Damage    Failure   Level
a - Slow                  Hex            100%       N/A       1%          1
b - Cause Fear            Hex            31%        N/A       4%          4
c - Conjure Flame         Conj/Fire      68%        6-21      1%          3
d - Ignition              Fire           32%        3d10      43%         8
f - Static Discharge      Conj/Air       55%        N/A       1%          2
g - Scorch                Fire           100%       2d10      1%          2
h - Stone Arrow           Conj/Erth      100%       3d13      1%          3
i - Olgreb's Toxic Radia  Pois           31%        N/A       7%          4
j - Ignite Poison         Fire/Tmut/Pois 38%        N/A       1%          3
k - Orb of Destruction    Conj           35%        9d10      2%          7

Your spell library contained the following spells:

 Spells                   Type           Power      Damage    Failure   Level
 Lehudib's Crystal Spear  Conj/Erth      27%        10d7      93%         8
 Freeze                   Ice            92%        1d10      1%          1
 Poisonous Vapours        Pois/Air       62%        N/A       1%          2
 Confusing Touch          Hex            63%        N/A       1%          3
 Inner Flame              Hex/Fire       74%        N/A       1%          3
 Mephitic Cloud           Conj/Pois/Air  48%        N/A       1%          3
 Frozen Ramparts          Ice            46%        1d6       4%          3
 Sting                    Tmut/Pois      84%        1d7       7%          1
 Portal Projectile        Hex/Tloc       86%        N/A       9%          3
 Corpse Rot               Necr/Air       42%        N/A       11%         2
 Ozocubu's Armour         Ice            23%        N/A       17%         3
 Apportation              Tloc           22%        N/A       19%         1
 Pain                     Necr           44%        1d6       19%         1
 Vampiric Draining        Necr           11%        2d6       50%         3
 Hailstorm                Conj/Ice       52%        3d12      1%          4
 Sticky Flame             Conj/Fire      68%        2d8       1%          4
 Fireball                 Conj/Fire      34%        3d14      1%          5
 Iskenderun's Battlesphe  Conj           70%        2d12      1%          5
 Freezing Cloud           Conj/Ice/Air   22%        6-21      4%          5
 Airstrike                Air            15%        N/A       7%          4
 Conjure Ball Lightning   Conj/Air       27%        3x3d8     7%          6
 Iron Shot                Conj/Erth      27%        9d6       7%          6
 Metabolic Englaciation   Hex/Ice        25%        N/A       41%         5
 Petrify                  Tmut/Erth      21%        N/A       56%         4
 Summon Lightning Spire   Summ/Air       21%        N/A       56%         4
 Spellforged Servitor     Conj/Summ      23%        N/A       67%         7
 Ice Form                 Ice/Tmut       17%        N/A       71%         4
 Summon Ice Beast         Ice/Summ       17%        N/A       71%         4
 Dispel Undead            Necr           11%        3d9       88%         4
 Alistair's Intoxication  Tmut/Pois      14%        N/A       88%         5
 Borgnjor's Vile Clutch   Necr/Erth      10%        N/A       88%         5
 Eringya's Noxious Bog    Tmut/Pois      10%        N/A       92%         6
 Fire Storm               Conj/Fire      34%        8d9       98%         9
 Death Channel            Necr           5%         N/A       100%        6
 Simulacrum               Ice/Necr       8%         N/A       100%        6
 Statue Form              Tmut/Erth      14%        N/A       100%        6
 Haunt                    Necr/Summ      5%         N/A       100%        7
 Storm Form               Tmut/Air       10%        N/A       100%        7
 Borgnjor's Revivificati  Necr           5%         N/A       100%        8
 Maxwell's Capacitive Co  Air            15%        ∞         100%        8
 Necromutation            Tmut/Necr      5%         N/A       100%        8
 Chain Lightning          Conj/Air       27%        3d36      100%        9
 Polar Vortex             Ice            11%        N/A       100%        9
 Shatter                  Erth           15%        3d15*     100%        9


Dungeon Overview and Level Annotations

Branches:
Dungeon (14/15)            Temple (1/1) D:5            Lair (6/6) D:10
 Shoals (4/4) Lair:4        Snake (1/4) Lair:2        Slime (0/5) Lair:5
    Orc (2/2) D:11            Elf (3/3) Orc:2        Vaults (0/5) D:14
  IceCv (visited)

Altars:
Ashenzari
Cheibriados
Dithmenos
Elyvilon
Fedhas
Gozag
Hepliaklqana
Kikubaaqudgha
Makhleb
Nemelex Xobeh
Okawaru
Qazlal
Ru
Sif Muna
Trog
Uskayaw
Vehumet
Wu Jian
Xom
Yredelemnul
Zin
The Shining One
Beogh

Shops:
D:4 (   Orc:1 [   Orc:2 (((=[   Elf:2 !?*?   Shoals:1 *   Shoals:3 *:?

Portals:
Abyss: Lair:5
Trove: D:10 (give 12 scrolls of teleportation)

Annotations:
D:14 Roxanne
Lair:5 2 transporters, Xelalesa's ghost, journeyman FoAK
Orc:1 3 runed translucent doors, Hump's ghost, journeyman MfAK


Innate Abilities, Weirdness & Mutations

You have claws for hands.
You are completely covered in thin metallic scales. (AC +4, rElec)
You regenerate health from kills.
Spells you cast may paralyse nearby enemies.
Your hexes are more powerful.


Message History

Autopickup disabled for rings of fire.
Things that are here:
a +0 short sword; a +0 shortbow
Items here: )) [[.
Things that are here:
a +0 short sword; a +0 shortbow You see here a +0 short sword.
Things that are here:
a +0 long sword; a ring of fire; a +4 war axe of freezing
Things that are here:
a +6 ring of strength; an amulet of the acrobat; a ring of ice
Things that are here:
a +0 leather armour; a +0 dagger You see here a +0 long sword.
Things that are here:
a +0 ring mail; a +0 short sword; a +0 short sword You see here a +0 long sword.
You see here a +2 long sword of holy wrath.
Done exploring.
Done exploring.
Done exploring.
Casting: Orb of Destruction (dangerous; 2% risk of failure)
Confirm with . or Enter, or press ? or * to list all spells.
Okay, then.
Okay, then.
There is an open door here.
You see here a phial of floods.
Save game and exit?
Welcome back, Iscandelvey the Demonspawn Arcane Marksman.
Vehumet says: Let it end in hellfire!
Press ? for a list of commands and other information.
Save game and exit?
Welcome back, Iscandelvey the Demonspawn Arcane Marksman.
Vehumet says: Let it end in hellfire!
Press ? for a list of commands and other information.
Save game and exit?
Welcome back, Iscandelvey the Demonspawn Arcane Marksman.
Vehumet says: Let it end in hellfire!
Press ? for a list of commands and other information.
Are you sure you want to abandon this character and quit the game? (Confirm with "yes".)

......##..........#
.....##...........###
....##............#.#
...##..........###'[#
####...........##...#
##............##)(}:#
.#...........###(...#
.'#........###....)[#
..###########}[)@..##
..#.)))).......).)##
..#|})}..:...[.|.##
#.#}=).[.=...(..##
#################


There were no monsters in sight!

Vanquished Creatures
  Nikola (Shoals:1)
  A lich (IceCv)
  3 deep elf blademasters
  A deep elf master archer (Elf:3)
  6 krakens
  A sphinx (Shoals:4)
  Donald (Shoals:4)
  An azure jelly (D:14)
  3 deep elf sorcerers (Elf:3)
  4 deep elf elementalists (Elf:3)
  Louise (D:14)
  The ghost of PanSaczeczos the Warrior, a journeyman DrAM of Gozag (Lair:6)
  7 deep elf demonologists (Elf:3)
  6 deep elf annihilators (Elf:3)
  3 minotaurs (Shoals:4)
  Snorg (Lair:6)
  5 deep elf death magi
  A deep elf high priest (Elf:3)
  3 merfolk impalers
  3 hydras
  A rakshasa (D:14)
  11 satyrs (Shoals:4)
  A merfolk avatar (Shoals:2)
  4 centaur warriors
  4 merfolk aquamancers
  2 anacondas (Snake:1)
  A caustic shrike simulacrum (IceCv)
  2 two-headed ogres
  2 alligator snapping turtles (Shoals:4)
  25 dancing weapons
  An orc high priest (Orc:1)
  A naga sharpshooter (Snake:1)
  19 deep elf knights
  Amaemon (D:8)
  A skeletal warrior (D:14)
  5 bog bodies (IceCv)
  An obsidian statue (IceCv)
  A naga ritualist (Snake:1)
  8 sea snakes
  11 deep elf archers
  3 large abominations (Elf:1)
  11 orc knights
  28 deep elf zephyrmancers
  21 deep elf pyromancers
  The ghost of funaii the Caller, a novice HOSu (D:4)
  19 harpies
  2 necromancers
  An ugly thing (D:9)
  3 orc sorcerers
  19 fauns
  8 cyclopes
  26 manticores
  3 oklob plants
  A salamander (shapeshifter) (Elf:1)
  5 merfolk sirens
  8 black mambas
  Maurice (Orc:1)
  Joseph (D:8)
  4 centaur skeletons (D:14)
  21 elephants
  10 water nymphs
  15 cane toads
  An orange demon (D:8)
  18 freezing wraiths
  13 komodo dragons
  5 kobold demonologists
  Psyche (D:8)
  9 rime drakes
  4 yaktaurs (D:14)
  4 anaconda simulacra (IceCv)
  4 ice devils (IceCv)
  2 golden dragon simulacra (IceCv)
  8 trolls
  4 polar bears
  22 merfolk
  9 hornets
  3 wind drakes
  11 snapping turtles
  28 blink frogs
  9 dream sheep
  2 centaur simulacra
  3 air elementals
  8 wyverns
  12 spriggans (Lair:6)
  63 yaks
  7 water elementals
  5 wraiths
  2 dire elephant simulacra (IceCv)
  4 vampire mosquitoes
  7 basilisks
  A fire elemental (Elf:1)
  A minotaur simulacrum (IceCv)
  7 wargs
  A death yak simulacrum (Lair:6)
  5 harpy simulacra (IceCv)
  An acid dragon (D:10)
  Menkaure (D:6)
  11 water moccasins
  48 orc warriors
  2 ettin simulacra (IceCv)
  2 alligator simulacra (IceCv)
  3 boggarts (Lair:6)
  2 black mamba simulacra (Lair:6)
  9 black bears
  8 ogres
  36 wolves
  2 centaurs (D:9)
  7 kobold brigands
  11 bullfrogs
  3 elf zombies (Elf:1)
  A gnoll sergeant (D:11)
  4 necrophages
  A cane toad simulacrum (Lair:6)
  2 scorpions
  2 earth elementals
  5 wights
  9 killer bees
  A dream sheep simulacrum (Lair:6)
  8 electric eels
  A lindwurm simulacrum (IceCv)
  4 howler monkeys
  A komodo dragon simulacrum (Lair:6)
  A fire crab simulacrum (Lair:6)
  A hound (D:5)
  3 bullfrog zombies (D:4)
  13 orc priests
  4 jellies
  5 iguanas
  Ijyb (D:4)
  23 orc wizards
  6 adders
  13 gnolls
  A shadow imp (D:7)
  2 white imps
  3 worms
  4 dart slugs
  104 orcs
  8 ball pythons
  22 endoplasms
  10 goblins
  12 hobgoblins
  26 kobolds
  4 quokkas
  11 bats
  5 frilled lizards
  9 rats
  2 tentacles (Shoals:2)
1127 creatures vanquished.

Vanquished Creatures (collateral kills)
  An alligator simulacrum (IceCv)
1 creature vanquished.

Vanquished Creatures (others)
  A deep elf knight (Elf:2)
  A deep elf pyromancer (Elf:1)
  A centaur (D:8)
  A deep troll simulacrum (IceCv)
  An orc (D:11)
  4 kobolds (D:8)
  A bush (Lair:4)
  51 fungi
  66 plants
  129 tentacles
256 creatures vanquished.

Grand Total: 1384 creatures vanquished

Notes
Turn   | Place    | Note
-------+----------+-------------------------------------------
     0 | D:1      | Iscandelvey the Demonspawn Arcane Marksman began the quest
                  | for the Orb.
     0 | D:1      | Reached XP level 1. HP: 15/15 MP: 2/2
   153 | D:1      | You fall into a shaft and drop 1 floor!
   182 | D:2      | Gained mutation: You regenerate a little health from kills.
                  | [demonic ancestry]
   182 | D:2      | Reached XP level 2. HP: 20/21 MP: 3/3
   522 | D:1      | Found a faded altar of an unknown god.
   641 | D:1      | Reached XP level 3. HP: 26/26 MP: 5/5
  1813 | D:2      | Gained mutation: You are partially covered in thin metallic
                  | scales. (AC +2) [demonic ancestry]
  1813 | D:2      | Reached XP level 4. HP: 32/32 MP: 6/6
  1855 | D:2      | Reached skill level 1 in Stealth
  2246 | D:2      | Reached skill level 1 in Armour
  2468 | D:3      | Noticed an orc warrior
  3624 | D:2      | Gained mutation: You are mostly covered in thin metallic
                  | scales. (AC +3) [demonic ancestry]
  3624 | D:2      | Reached XP level 5. HP: 34/37 MP: 8/8
  3691 | D:4      | Found a transporter.
  3926 | D:4      | Reached skill level 1 in Throwing
  4027 | D:4      | Noticed an ogre
  4140 | D:4      | Noticed funaii's ghost (novice HOSu)
  4314 | D:4      | Found a transporter.
  4317 | D:4      | Found Leyleaj's Weapon Emporium.
  4382 | D:5      | Entered Level 5 of the Dungeon
  4786 | D:4      | Reached XP level 6. HP: 43/43 MP: 10/10
  4984 | D:4      | Noticed Ijyb
  5050 | D:4      | Killed Ijyb
  5051 | D:4      | Reached skill level 1 in Shields
  5433 | D:4      | Bought a +3 spear of venom for 247 gold pieces
  5944 | D:5      | Found a staircase to the Ecumenical Temple.
  5986 | Temple   | Entered the Ecumenical Temple
  6248 | Temple   | Became a worshipper of Vehumet
  6281 | D:5      | Reached XP level 7. HP: 42/48 MP: 11/11
  6334 | D:5      | Learned a level 4 spell: Cause Fear
  6338 | D:5      | Learned a level 3 spell: Conjure Flame
  6976 | D:6      | Reached skill level 1 in Conjurations
  7020 | D:5      | Reached skill level 1 in Fire Magic
  7214 | D:6      | Reached skill level 5 in Hexes
  7314 | D:6      | Noticed Menkaure
  7775 | D:5      | Reached XP level 8. HP: 54/54 MP: 11/13
  7823 | D:5      | Reached skill level 2 in Conjurations
  8161 | D:6      | Reached * piety under Vehumet
  8161 | D:6      | Offered knowledge of Freeze by Vehumet.
  8167 | D:6      | Learned a level 1 spell: Freeze
  8709 | D:7      | Reached skill level 3 in Conjurations
  9619 | D:3      | Gained mutation: Spells you cast may paralyse adjacent
                  | enemies. [demonic ancestry]
  9619 | D:3      | Reached XP level 9. HP: 59/59 MP: 12/15
 10389 | D:8      | Noticed Amaemon
 10389 | D:8      | Noticed an orange demon
 10416 | D:8      | Noticed Joseph
 11290 | D:9      | Learned a level 4 spell: Sticky Flame
 11356 | D:9      | Reached skill level 5 in Spellcasting
 11356 | D:9      | Reached skill level 4 in Conjurations
 11610 | D:9      | Noticed a troll
 11644 | D:9      | Killed a troll
 12211 | D:9      | Noticed a kobold demonologist
 12211 | D:9      | Noticed a kobold demonologist
 12265 | D:9      | Noticed a green ugly thing
 12381 | D:9      | Killed a green ugly thing
 12382 | D:9      | Reached XP level 10. HP: 48/65 MP: 15/18
 12383 | D:9      | Paralysed by a centaur for 6 turns
 12895 | D:9      | Reached skill level 5 in Conjurations
 12956 | D:9      | Noticed a two-headed ogre
 12988 | D:9      | Killed a two-headed ogre
 13347 | D:9      | Offered knowledge of Static Discharge by Vehumet.
 13351 | D:9      | Learned a level 2 spell: Static Discharge
 13359 | D:9      | Reached ** piety under Vehumet
 13403 | D:9      | Reached skill level 5 in Fire Magic
 13879 | D:9      | Got the Reference Book on the Noxious Birds
 14350 | D:9      | Noticed an orange demon
 14358 | D:9      | Noticed a rust devil
 14590 | D:9      | Reached skill level 5 in Dodging
 14802 | D:9      | Offered knowledge of Scorch by Vehumet.
 14806 | D:9      | Learned a level 2 spell: Scorch
 15166 | D:10     | Entered Level 10 of the Dungeon
 15228 | D:10     | Reached skill level 6 in Conjurations
 15234 | D:10     | Gained mutation: You have sharp fingernails. [demonic
                  | ancestry]
 15234 | D:10     | Reached XP level 11. HP: 62/70 MP: 17/20
 15535 | D:10     | Found a portal to a secret trove of treasure.
 15761 | D:10     | Reached *** piety under Vehumet
 15772 | D:10     | Reached skill level 5 in Stealth
 15844 | D:10     | Found a staircase to the Lair.
 16050 | D:10     | Reached skill level 1 in Evocations
 16233 | D:10     | Noticed a centaur warrior
 16253 | Lair:1   | Entered Level 1 of the Lair of Beasts
 16546 | D:10     | Offered knowledge of Stone Arrow by Vehumet.
 16551 | D:10     | Learned a level 3 spell: Stone Arrow
 16836 | D:10     | Noticed a sixfirhy
 16935 | D:10     | Killed a centaur warrior
 16936 | D:10     | Reached skill level 5 in Armour
 17364 | Lair:1   | Reached skill level 7 in Conjurations
 18091 | Lair:1   | Reached skill level 5 in Shields
 18091 | Lair:1   | Gained mutation: You have very sharp fingernails. [demonic
                  | ancestry]
 18091 | Lair:1   | Reached XP level 12. HP: 77/77 MP: 20/23
 18593 | Lair:1   | Reached **** piety under Vehumet
 19136 | D:8      | Noticed Psyche
 19576 | D:8      | Killed Psyche
 19581 | D:8      | Killed Joseph
 19581 | D:8      | Offered knowledge of Olgreb's Toxic Radiance by Vehumet.
 19591 | D:8      | Learned a level 4 spell: Olgreb's Toxic Radiance
 20256 | D:8      | Killed Amaemon
 20420 | D:8      | Reached skill level 1 in Poison Magic
 21091 | D:4      | Killed funaii's ghost
 21300 | D:6      | Killed Menkaure
 21856 | D:11     | Found a staircase to the Orcish Mines.
 22161 | D:11     | Noticed a centaur warrior
 22171 | D:11     | Killed a centaur warrior
 22436 | D:11     | Reached skill level 8 in Conjurations
 22611 | D:11     | Learned a level 3 spell: Ignite Poison
 22806 | D:11     | Reached ***** piety under Vehumet
 23069 | D:11     | Offered knowledge of Lee's Rapid Deconstruction by Vehumet.
 23855 | Orc:1    | Entered Level 1 of the Orcish Mines
 24106 | Orc:2    | Entered Level 2 of the Orcish Mines
 24106 | Orc:2    | Found a staircase to the Elven Halls.
 24348 | Orc:2    | Gained mutation: Spells you cast may paralyse nearby
                  | enemies. [demonic ancestry]
 24348 | Orc:2    | Reached XP level 13. HP: 82/82 MP: 11/25
 25235 | Orc:2    | Offered knowledge of Conjure Ball Lightning by Vehumet.
 25532 | Orc:2    | Found Baqisch's Jewellery Emporium.
 25532 | Orc:2    | Found Tusheux's Armour Shop.
 25590 | Orc:2    | Found Yntut's Weapon Emporium.
 25590 | Orc:2    | Found Duhyqyas's Antique Weapon Shop.
 25605 | Orc:2    | Bought a crystal dagger for 147 gold pieces
 25605 | Orc:2    | Identified the +12 dagger of Duty {vorpal, SInv} (You
                  | bought it in a shop on level 2 of the Orcish Mines)
 25887 | Orc:2    | Found Quhexzas's Weapon Shoppe.
 26170 | Orc:1    | Found a runed translucent gate.
 26170 | Orc:1    | Found a runed translucent gate.
 26171 | Orc:1    | Found a runed translucent gate.
 26363 | Orc:1    | Noticed Hump's ghost (journeyman MfAK)
 26399 | Orc:1    | Reached skill level 9 in Conjurations
 26446 | Orc:1    | Noticed Maurice
 26456 | Orc:1    | Killed Maurice
 26525 | Orc:1    | Found Roxoge's Armour Shoppe.
 26530 | Orc:1    | Bought a +1 pair of boots of flying for 181 gold pieces
 26530 | Orc:1    | Bought the +1 helmet of Gasuss {rElec} for 258 gold pieces
 27110 | Lair:2   | Found a staircase to the Snake Pit.
 27494 | Lair:2   | Reached skill level 5 in Poison Magic
 28632 | Lair:3   | Reached skill level 1 in Air Magic
 29446 | Lair:3   | Offered knowledge of Lightning Bolt by Vehumet.
 29674 | Lair:4   | Gained mutation: You have claws for hands. [demonic
                  | ancestry]
 29674 | Lair:4   | Reached XP level 14. HP: 88/88 MP: 27/27
 29693 | Lair:4   | Found a staircase to the Shoals.
 29883 | Lair:4   | Identified the +4 flail of Jeory {holy, +Blink Dex+4}
 30558 | Lair:4   | Reached skill level 5 in Evocations
 31065 | Lair:5   | Reached skill level 10 in Conjurations
 31319 | Lair:5   | Found a staircase to the Slime Pits.
 31448 | Lair:5   | Noticed Xelalesa's ghost (journeyman FoAK)
 31462 | Lair:5   | Found a transporter.
 32091 | Lair:5   | Found a transporter.
 32223 | Lair:5   | Found a one-way gate to the infinite horrors of the Abyss.
 32405 | Lair:6   | Entered Level 6 of the Lair of Beasts
 32432 | Lair:6   | Noticed Snorg
 32445 | Lair:6   | Killed Snorg
 32445 | Lair:6   | Offered knowledge of Yara's Violent Unravelling by Vehumet.
 32531 | Lair:6   | Reached skill level 10 in Spellcasting
 32861 | Lair:6   | Noticed PanSaczeczos's ghost (journeyman DrAM)
 33054 | Lair:6   | Found a runed translucent gate.
 33055 | Lair:6   | Found a runed translucent gate.
 33055 | Lair:6   | Found a runed translucent gate.
 33514 | Lair:6   | Reached ****** piety under Vehumet
 33520 | Lair:6   | Offered knowledge of Ozocubu's Refrigeration by Vehumet.
 33622 | Lair:6   | Reached XP level 15. HP: 93/93 MP: 29/29
 34089 | Shoals:1 | Entered Level 1 of the Shoals
 34136 | Shoals:1 | Noticed Nikola
 34844 | Shoals:1 | Found Furept's Assorted Antiques.
 34878 | Shoals:1 | Killed Nikola
 34990 | Shoals:1 | Reached skill level 10 in Fire Magic
 34990 | Shoals:1 | Reached skill level 5 in Air Magic
 35170 | Shoals:1 | Reached skill level 11 in Conjurations
 35627 | Shoals:2 | Noticed a kraken
 35627 | Shoals:2 | Noticed a kraken
 35627 | Shoals:2 | Noticed a kraken
 35627 | Shoals:2 | Noticed a kraken
 35700 | Shoals:2 | Reached skill level 1 in Ice Magic
 36108 | Shoals:2 | Killed a kraken
 36333 | Shoals:2 | Killed a kraken
 36833 | Shoals:2 | Killed a kraken
 36833 | Shoals:2 | Offered knowledge of Starburst by Vehumet.
 36947 | Shoals:2 | Killed a kraken
 37654 | Shoals:2 | Noticed a kraken
 37731 | Shoals:2 | Killed a kraken
 38179 | Shoals:3 | Found Zuto's Self-Improvement Boutique.
 38256 | Shoals:3 | Found a flickering gateway to a bazaar.
 38269 | Bazaar   | Entered a bazaar
 38270 | Bazaar   | Found Yrurea's Book Boutique.
 38270 | Bazaar   | Found Lazohuf's Armour Boutique.
 38272 | Bazaar   | Found Wixeipp's Weapon Shoppe.
 38275 | Bazaar   | Found Quritak's Antique Weapon Boutique.
 38285 | Bazaar   | Found Syimybet's Jewellery Boutique.
 38291 | Bazaar   | Found Zefadeca's Assorted Antiques.
 38351 | Bazaar   | Bought a book of Annihilations for 900 gold pieces
 38371 | Bazaar   | Bought a +1 cloak of willpower for 247 gold pieces
 38696 | Shoals:3 | HP: 4/93 [water nymph/the raging water (20)]
 38733 | Shoals:3 | Identified the +1 robe "Iniru" {+Inv Fly rF- Str+8}
 38891 | Shoals:3 | Found Biubb's Assorted Antiques.
 38908 | Shoals:3 | Bought a scroll labelled JUUS ECUSUELOA for 38 gold pieces
 39017 | Shoals:3 | Found Ceroeg's Magic Scroll Shoppe.
 39025 | Shoals:3 | Bought a scroll of amnesia for 45 gold pieces
 39168 | Shoals:4 | Entered Level 4 of the Shoals
 39398 | Snake:1  | Entered Level 1 of the Snake Pit
 39835 | Lair:6   | Reached XP level 16. HP: 94/99 MP: 31/31
 39980 | Lair:6   | Killed PanSaczeczos's ghost
 40475 | Elf:1    | Entered Level 1 of the Elven Halls
 41389 | Elf:1    | Reached skill level 12 in Conjurations
 41800 | Elf:1    | Offered knowledge of Eringya's Noxious Bog by Vehumet.
 42081 | Elf:1    | Got Kikubaaqudgha's Compendium of Evil
 42194 | Elf:1    | Paralysed by an air elemental for 1 turns
 44241 | D:13     | Reached skill level 13 in Conjurations
 44711 | D:14     | Found a sparkling altar of Nemelex Xobeh.
 44760 | D:14     | Identified Roxanne's Reference Book on the Mountains
 44760 | D:14     | Noticed Roxanne
 44987 | D:14     | Noticed Louise
 45001 | D:14     | Killed Louise
 45046 | D:14     | Found a frozen archway.
 45128 | IceCv    | Entered an ice cave
 45590 | IceCv    | Learned a level 7 spell: Orb of Destruction
 45771 | IceCv    | Reached skill level 14 in Conjurations
 45823 | IceCv    | Found an ancient bone altar of Kikubaaqudgha.
 46682 | IceCv    | Noticed a lich
 46689 | IceCv    | Killed a lich
 46759 | IceCv    | Got the Handbook of the Glacier and Sinister Secrets
 47269 | D:14     | Reached skill level 15 in Conjurations
 47439 | D:14     | Offered knowledge of Lehudib's Crystal Spear by Vehumet.
 47439 | D:14     | Offered knowledge of Ignition by Vehumet.
 47439 | D:14     | Offered knowledge of Maxwell's Capacitive Coupling by
                  | Vehumet.
 47698 | D:14     | Reached skill level 1 in Earth Magic
 47726 | D:14     | Found a gate to the Vaults.
 47762 | D:14     | Learned a level 8 spell: Ignition
 48424 | Shoals:4 | Gained mutation: You are completely covered in thin
                  | metallic scales. (AC +4, rElec) [demonic ancestry]
 48424 | Shoals:4 | Reached XP level 17. HP: 104/104 MP: 32/32
 48978 | Shoals:4 | Noticed Donald
 49083 | Shoals:4 | Killed Donald
 50196 | Shoals:4 | Reached skill level 16 in Conjurations
 50530 | Shoals:4 | Got a barnacled rune of Zot
 50596 | Shoals:4 | Noticed a kraken
 50625 | Shoals:4 | Killed a kraken
 51495 | Lair:1   | Gained mutation: You regenerate health from kills. [demonic
                  | ancestry]
 51495 | Lair:1   | Reached XP level 18. HP: 110/110 MP: 33/33
 52430 | Elf:2    | Found Woghounn's Distillery.
 52558 | Elf:2    | Reached skill level 5 in Earth Magic
 52741 | Elf:1    | Identified the +5 short sword of Wauraragh {venom, rElec
                  | rC+ rN+ Dex-5}
 52867 | Elf:2    | Found Boshros's Magic Scroll Boutique.
 52904 | Elf:2    | Reached skill level 17 in Conjurations
 53030 | Elf:2    | Found Taitsas's General Store.
 53052 | Elf:2    | Found Muivaanuby's Magic Scroll Shoppe.
 53238 | Elf:2    | Found a runed translucent gate.
 53238 | Elf:2    | Found a runed translucent gate.
 53238 | Elf:2    | Found a runed translucent gate.
 53659 | Elf:2    | Gained mutation: Your hexes are more powerful. [demonic
                  | ancestry]
 53659 | Elf:2    | Reached XP level 19. HP: 115/115 MP: 20/34
 54562 | Elf:3    | Entered Level 3 of the Elven Halls
 55723 | Elf:3    | Reached skill level 18 in Conjurations
 55800 | Elf:3    | Paralysed by an air elemental for 1 turns
 55805 | Elf:3    | Paralysed by an air elemental for 1 turns
 55810 | Elf:3    | Paralysed by an air elemental for 1 turns
 55812 | Elf:3    | Paralysed by an air elemental for 1 turns
 55814 | Elf:3    | Paralysed by an air elemental for 1 turns
 56289 | Elf:3    | Reached skill level 15 in Fire Magic
 56575 | Elf:3    | Identified the +9 quarterstaff of the Ageing Salmon {holy,
                  | *Noise rC- Will+++ SInv}
 56575 | Elf:3    | Identified the amulet "Naicis" {Spirit Will++ Regen+ MP+9
                  | Slay-3}
 57402 | Elf:3    | Noticed a Tzitzimitl
 57753 | Elf:3    | Got the Papyrus of the Volcanoes and Snow
 57781 | Elf:3    | Identified the +11 tower shield "Awyan" {Fly Dex+3}
 58001 | Elf:3    | Quit the game

Illustrated notes

Levels and vault maps discovered:
D:1:      minmay_arrival_diagonal_passages, layout_basic,
          ebering_ecumenical_altar_webs, minmay_indecisive_spiral
D:2:      layout_loops_ring
D:3:      layout_basic, minmay_misc_feat_enclosed, minmay_puff
D:4:      layout_loops_ring, serial_shops, nicolae_shop_hallway_plus,
          gammafunk_ghost_mausoleum, nicolae_elevator_lobby_asterisk, uniq_ijyb
D:5:      layout_rooms, minmay_temple_entry_slanted
D:6:      layout_rooms, uniq_menkaure
D:7:      layout_loops_cross, minmay_crystal_water, minmay_stone_trees_small
D:8:      layout_cave_pools, lemuel_flamethrower_2, uniq_amaemon, uniq_psyche,
          uniq_joseph
D:9:      layout_roguey [special_room_orc], grunt_potential
D:10:     layout_loops_ring, elyvilon_altar_3, enter_trove_3
D:11:     layout_basic, hiddenorc2_lemuel, serial_bayou_lake_a
D:12:     nicolae_cairo_tiling_very_big, layout_cave_pods, serial_glass,
          glass_columns_a, glass_columns_a
D:13:     layout_cave_pods
D:14:     layout_roguey, hangedman_vaults_entry_quadrant_bands,
          portal_ice_cave_entry_frozen_things, nemelex_lonely_heart_becter,
          uniq_roxanne, uniq_louise
Temple:   compressed_dpeg_triangle_lava_temple
Lair:1:   lemuel_slime, layout_chaotic_city, serial_bayou_lagoon_b,
          grunt_megastairs_4
Lair:2:   layout_cave_pods, dummy_snake_entry, beast_lair_carwin_9
Lair:3:   layout_long_grid, beast_lair_carwin_2, infiniplex_staircase_pool_2
Lair:4:   layout_cave_pods, minmay_shoals_entry_beasts, minmay_hedge_maze
Lair:5:   layout_misc_corridors, slime_dummy, gammafunk_ghost_abyssal_escape,
          small_statue_intersection
Lair:6:   minmay_lair_end_enchanted_forest, layout_gridlike,
          gammafunk_ghost_icy, uniq_snorg
Shoals:1: layout_shoals, serial_shops, nicolae_shop_competitors_out_of_business,
          dpeg_stationary_puzzle, uniq_nikola
Shoals:2: layout_shoals, nicolae_shoals_kraken_party
Shoals:3: layout_shoals, serial_shops, bzr_entry_safe, nicolae_shop_waterfront,
          nicolae_shop_overgrown_old_shop, nicolae_shop_self_help
Shoals:4: shoals_end_hellmonk_lost_city, uniq_donald
Snake:1:  nicolae_snake_attic_fulla_snakes, layout_honeycomb,
          nicolae_snake_round_shape_thing
Orc:1:    layout_caves, ebering_ghost_rock_garden, serial_shops,
          nicolae_shop_waterfront, uniq_maurice
Orc:2:    st_orc_town, layout_caves, basic_altar, serial_shops,
          nicolae_shop_trees, nicolae_orc_crystal_geode
Elf:1:    layout_loops_corners, minmay_elf_necromancy
Elf:2:    nicolae_elf_blades_splatter_lattice [nooodl_blade_entry_preview],
          layout_geoelf_grid, serial_shops, shop, nicolae_shop_hallway_stairs,
          shop, nicolae_take_the_stairs
Elf:3:    elf_hall, layout_onion_city

Skill      XL: |  1  2  3  4  5  6  7  8  9 10 11 12 13 14 15 16 17 18 19 |
---------------+----------------------------------------------------------+-----
Dodging        | 2 3 4 5 6 7 8 |  8.6
Stealth        | 1 2 3 4 5 6 7 8 |  8.3
Spellcasting   | 2 3 4 5 6 7 8 9 10 11 | 11.1
Armour         | 1 2 3 4 5 6 7 |  7.9
Throwing       | 1 |  1.7
Hexes          | 4 5 6 7 8 |  8.9
Shields        | 1 2 3 4 5 6 7 |  7.6
Conjurations   | 1 3 4 6 7 8 9 10 11 15 16 17 18 | 18.0
Fire Magic     | 1 3 4 5 6 7 8 9 10 11 12 13 15 | 15.7
Evocations     | 2 3 4 5 6 7 |  7.2
Poison Magic   | 3 5 |  5.0
Air Magic      | 1 4 5 |  5.0
Ice Magic      | 2 3 |  3.0
Earth Magic    | 1 4 5 |  5.0
Fighting       | |  1.2
Short Blades   | |  0.3
Slings         | |  1.9

Action                   |  1- 3 |  4- 6 |  7- 9 | 10-12 | 13-15 | 16-18 | 19-21 || total
-------------------------+-------+-------+-------+-------+-------+-------+-------++-------
Melee: Dagger            |       |    20 |       |       |   416 |   425 |    88 ||   949
       Hunting sling     |       |     1 |       |       |       |       |       ||     1
       Spear             |       |    35 |   396 |   928 |    99 |    11 |       ||  1469
       Punch             |       |     1 |     4 |     1 |       |       |       ||     6
 Fire: Hunting sling     |   213 |   239 |    26 |       |       |       |       ||   478
Throw: Dart              |       |     9 |    31 |       |       |    16 |       ||    56
       Stone             |       |       |    54 |    59 |       |       |       ||   113
       Boomerang         |       |       |       |    11 |    26 |    16 |       ||    53
 Cast: Slow              |    33 |    48 |    57 |    54 |   120 |    74 |     3 ||   389
       Conjure Flame     |       |       |    36 |    75 |     3 |    23 |       ||   137
       Freeze            |       |       |    17 |     8 |    15 |     3 |       ||    43
       Sticky Flame      |       |       |     2 |     2 |       |       |       ||     4
       Cause Fear        |       |       |     1 |    13 |     9 |     4 |       ||    27
       Scorch            |       |       |       |   104 |   113 |   149 |       ||   366
       Stone Arrow       |       |       |       |    28 |    32 |   197 |     9 ||   266
       Static Discharge  |       |       |       |     4 |    52 |    32 |     5 ||    93
       Olgreb's Toxic Ra |       |       |       |    13 |   150 |    36 |     7 ||   206
       Ignite Poison     |       |       |       |    11 |   113 |    34 |     3 ||   161
       Orb of Destructio |       |       |       |       |       |    89 |   106 ||   195
Evoke: Wand              |       |       |       |       |     3 |     2 |     4 ||     9
  Use: Potion            |       |     2 |     1 |     2 |     1 |     1 |     1 ||     8
       Scroll            |       |     1 |    10 |     4 |    18 |    11 |     5 ||    49
 Stab: Sleeping          |       |       |     2 |     3 |    11 |    11 |     1 ||    28
       Paralysed         |       |       |     7 |    41 |   131 |    61 |     4 ||   244
       Distracted        |       |       |       |       |     1 |     1 |       ||     2
Armor: Leather armour    |    29 |    60 |    74 |    86 |       |       |       ||   249
       Skin              |       |       |    15 |       |       |       |       ||    15
       Robe              |       |       |       |    74 |    75 |       |       ||   149
       Troll leather arm |       |       |       |       |   154 |   348 |    58 ||   560
Dodge: Dodged            |    60 |    80 |   180 |   313 |   352 |   310 |    56 ||  1351
Block: Kite shield       |       |       |       |   200 |   344 |   374 |    55 ||   973

Table legend: (Time is in decaauts)
 A = Elapsed time spent in this place.
 B = Non-inter-level travel time spent in this place.
 C = Inter-level travel time spent in this place.
 D = Time resting spent in this place.
 E = Time spent auto-exploring this place.
 F = Levels seen in this place.
 G = Mean time per level.
                   A        B        C        D        E       F      G
               +--------+--------+--------+--------+--------+-----+--------+
         Total |  58843 |  42671 |  16172 |  15282 |  11620 |  33 | 1783.1 |
       Dungeon |  27076 |  16856 |  10220 |   6310 |   3518 |  14 | 1934.0 |
        Temple |    272 |    226 |     46 |      0 |    214 |   1 |  272.0 |
          Lair |  10337 |   8048 |   2289 |   1616 |   4064 |   6 | 1722.8 |
        Shoals |   7708 |   6533 |   1175 |   2618 |   1696 |   4 | 1927.0 |
     Snake Pit |    154 |    146 |      8 |     29 |     23 |   1 |  154.0 |
  Orcish Mines |   2985 |   2465 |    520 |    862 |    824 |   2 | 1492.5 |
   Elven Halls |   8362 |   6452 |   1910 |   3067 |   1281 |   3 | 2787.3 |
        Bazaar |    177 |    177 |      0 |      0 |      0 |   1 |  177.0 |
      Ice Cave |   1767 |   1767 |      0 |    779 |      0 |   1 | 1767.0 |
               +--------+--------+--------+--------+--------+-----+--------+

Top non-repeatable levels by time:
     D:9: 4809 daAuts
   Elf:3: 3193 daAuts
    D:11: 2850 daAuts
   Elf:1: 2626 daAuts
   Elf:2: 2541 daAuts
Shoals:4: 2479 daAuts
Shoals:2: 2317 daAuts
  Lair:1: 2243 daAuts
  Lair:6: 2180 daAuts
    D:10: 2157 daAuts
     D:7: 2149 daAuts
     D:4: 2092 daAuts
    D:14: 1770 daAuts
   IceCv: 1767 daAuts
     D:6: 1758 daAuts
